[Event "Titled Tuesday Blitz August 1 Late 2023"]
[White "Petersson, Kjell"]
[Black "Zilleruelo Irizarry, Diego"]
[WhiteFideId "1705148"]
[BlackFideId "3101460"]
[WhiteElo "2175"]
[BlackElo "2324"]
[Result "0-1"]
[Round "4"]
[TimeControl "180+1"]
[Date "2023.08.01"]
[WhiteClock "0:00:33"]
[BlackClock "0:01:40"]
[Board "176"]

1. d4 d5 2. Bf4 c5 3. e3 Qb6 4. Nc3 Nf6 5. a3 a6 6. Nf3 Nc6 7. Be2 cxd4 8. exd4 Bg4 9. O-O e6 10. Na4 Qd8 11. h3 Bxf3 12. Bxf3 Bd6 13. Bxd6 Qxd6 14. Re1 O-O 15. Qd2 Rac8 16. Nc5 Nxd4 17. Qxd4 Qxc5 18. Qxc5 Rxc5 19. c3 Rfc8 20. Rad1 b5 21. Rd4 a5 22. g3 Kf8 23. Kg2 h6 24. h4 Nd7 25. Bg4 Nb6 26. Be2 Nc4 27. Bxc4 Rxc4 28. Red1 Rxd4 29. Rxd4 Rc4 30. Kf3 Rxd4 31. cxd4 Ke7 32. Ke3 Kd6 33. f4 f6 34. g4 e5 35. fxe5+ fxe5 36. dxe5+ Kxe5 37. b3 g5 38. h5 d4+ 39. Kd3 Kd5 40. a4 b4 41. Kd2 Ke4 42. Ke2 d3+ 43. Kd2 Kd4 44. Kd1 Kc3 45. Kc1 Kxb3 46. Kd2 Kc4 0-1


[Site "https://www.chess.com"]

[Event "Titled Tuesday Blitz August 1 Late 2023"]
[White "el_sporco"]
[Black "aleksanchess"]
[WhiteElo "2323"]
[BlackElo "2164"]
[Result "0-1"]
[Round "4"]
[TimeControl "180+1"]
[Date "2023.08.01"]
[WhiteClock "0:00:04"]
[BlackClock "0:00:22"]
[Board "177"]

1. e4 e6 2. d4 d5 3. Nc3 Bb4 4. e5 Ne7 5. a3 Bxc3+ 6. bxc3 c5 7. Qg4 Nf5 8. Bd3 g6 9. Ne2 Qc7 10. Bxf5 exf5 11. Qg3 Be6 12. Bg5 Nc6 13. Bf6 Rg8 14. Qh4 cxd4 15. cxd4 Qa5+ 16. c3 h5 17. O-O Qc7 18. Qg5 Na5 19. Qh6 Nc4 20. Qh7 Kd7 21. Nf4 Kc6 22. a4 b6 23. Rfb1 Rac8 24. Rb4 Na5 25. Rc1 Kb7 26. Qh6 Nc6 27. Rbb1 Nxd4 28. Nxd5 Ne2+ 29. Kf1 Qc4 30. Ne3 Qd3 31. Rd1 Qa6 32. Ke1 Nxc3 33. Rbc1 Nxd1 34. Rxd1 Qa5+ 35. Ke2 Qc3 36. Kf3 Qb4 37. Qf4 Qxf4+ 38. Kxf4 Rc3 39. Kg5 Rgc8 40. Rd4 Ra3 41. Kh6 Ra2 42. Rf4 Rc1 43. Kg7 Re1 44. h4 Ree2 45. Nd1 Rad2 46. Nc3 Rxf2 47. Rxf2 Rxf2 48. Nb5 Rxg2 49. Nd6+ Kc6 50. Nxf7 f4 51. Ng5 Bg4 52. e6 Bxe6 53. Nxe6 Kd6 54. Nxf4 Rg4 55. Nxg6 Rxa4 56. Be5+ Ke6 57. Bb8 Rg4 58. Kh6 a6 59. Nf4+ Kf5 60. Nxh5 Rxh4 61. Bg3 Rh3 62. Bf2 Kg4 63. Bxb6 Rxh5+ 64. Kg6 Rb5 65. Bd4 a5 66. Kf6 a4 67. Ke6 a3 68. Kd6 a2 69. Kc6 Rb1 0-1


[Site "https://www.chess.com"]

[Event "Titled Tuesday Blitz August 1 Late 2023"]
[White "The_Straightforward_Rook"]
[Black "Vila Dupla, Aurelio"]
[BlackFideId "2203383"]
[WhiteElo "2319"]
[BlackElo "2141"]
[Result "0-1"]
[Round "4"]
[TimeControl "180+1"]
[Date "2023.08.01"]
[WhiteClock "0:00:10"]
[BlackClock "0:00:10"]
[Board "178"]

1. e4 c5 2. Nf3 d6 3. c3 Nf6 4. Bd3 Bg4 5. h3 Bh5 6. O-O e6 7. Bc2 Be7 8. Re1 O-O 9. d4 d5 10. e5 Nfd7 11. Nbd2 Nc6 12. Nf1 b5 13. g4 Bg6 14. Bxg6 fxg6 15. Kg2 Qb6 16. Be3 Rf7 17. a3 Raf8 18. N1d2 cxd4 19. cxd4 Na5 20. b4 Nc4 21. Nxc4 dxc4 22. Nd2 Qc6+ 23. f3 Nb6 24. Ne4 Nd5 25. Bf2 Nf4+ 26. Kg3 Nd3 27. Re3 Rf4 28. Bg1 h5 29. Ra2 hxg4 30. hxg4 R4f7 31. Rxd3 cxd3 32. Qxd3 Qd5 33. Rc2 Bd8 34. Kg2 Bb6 35. Be3 Rd8 36. Rd2 Rfd7 37. Nd6 Bc7 38. Nxb5 Bxe5 39. Nc3 Qb3 40. Qxg6 Bf6 41. Qc2 Qxc2 42. Rxc2 Bxd4 43. Bxd4 Rxd4 44. Ne4 Rd1 45. Kg3 Ra1 46. Rc3 Kf7 47. Kf4 Kg6 48. Ke5 Re8 49. f4 Re1 50. Rc7 Re3 51. Rxa7 Rc8 52. Ra6 Rc4 53. Kxe6 Rcxe4+ 54. Kd7+ Kh7 55. f5 Rxg4 56. Kc6 Rf4 57. Kb5 Rxf5+ 58. Ka4 g5 59. Ra7+ Kg6 60. Ra5 Kh5 61. Ra6 Rf4 62. Ra8 Kg4 63. Rg8 Rff3 64. Kb5 Rxa3 65. Kc5 Rab3 66. b5 Rb2 67. b6 Rfb3 68. Rg6 Rxb6 69. Rxb6 Rxb6 70. Kxb6 Kf3 71. Kc5 g4 72. Kd4 g3 73. Ke5 g2 74. Kf5 g1=Q 0-1


[Site "https://www.chess.com"]

[Event "Titled Tuesday Blitz August 1 Late 2023"]
[White "Lacasa Diaz, Jose Antonio"]
[Black "ayme97"]
[WhiteFideId "2203375"]
[WhiteElo "2317"]
[BlackElo "2137"]
[Result "0-1"]
[Round "4"]
[TimeControl "180+1"]
[Date "2023.08.01"]
[WhiteClock "0:00:00"]
[BlackClock "0:00:54"]
[Board "179"]

1. e4 c5 2. Nf3 e6 3. c3 Nf6 4. d3 d5 5. e5 Nfd7 6. d4 Nc6 7. Bd3 Be7 8. O-O a6 9. Bc2 b5 10. Be3 a5 11. Nbd2 b4 12. Re1 Qb6 13. Nf1 Ba6 14. Ng3 h6 15. Nh5 Kf8 16. Qd2 Bb5 17. g4 a4 18. a3 bxa3 19. bxa3 Na5 20. Rab1 Qc6 21. g5 hxg5 22. Nxg7 Kxg7 23. Bxg5 Nc4 24. Qf4 Bxg5 25. Qxg5+ Kf8 26. Ra1 Nb2 27. Reb1 Rg8 28. Qxg8+ Kxg8 29. Rxb2 cxd4 30. Nxd4 Qxc3 31. Rxb5 Qxa1+ 32. Kg2 Qxd4 0-1


[Site "https://www.chess.com"]

[Event "Titled Tuesday Blitz August 1 Late 2023"]
[White "Winkels, Marcel"]
[Black "Hoffmann, Asa"]
[WhiteFideId "1003887"]
[BlackFideId "2001470"]
[WhiteElo "2076"]
[BlackElo "2311"]
[Result "0-1"]
[Round "4"]
[TimeControl "180+1"]
[Date "2023.08.01"]
[WhiteClock "0:00:41"]
[BlackClock "0:01:43"]
[Board "180"]

1. e4 d6 2. d4 Nf6 3. Nc3 c6 4. Bd2 e5 5. Nf3 Bg4 6. Be2 Nbd7 7. O-O Bxf3 8. Bxf3 exd4 9. Ne2 c5 10. Ng3 g6 11. e5 Nxe5 12. Bxb7 Rb8 13. f4 Rxb7 14. fxe5 dxe5 15. Bg5 Be7 16. Qf3 Rb6 17. Ne4 Nxe4 18. Bxe7 Qxe7 19. Qxe4 O-O 20. Qd5 Qd6 21. Qc4 Rxb2 22. Rae1 Kg7 23. Re4 f5 24. Re2 e4 25. Qa4 Rf7 26. Qa3 Rb6 27. g4 c4 28. gxf5 Qxa3 29. f6+ Rfxf6 0-1


[Site "https://www.chess.com"]

[Event "Titled Tuesday Blitz August 1 Late 2023"]
[White "Stanisz, Patryk"]
[Black "Semenova, Alina"]
[WhiteFideId "1123106"]
[BlackFideId "24113875"]
[WhiteElo "2299"]
[BlackElo "2075"]
[Result "1-0"]
[Round "4"]
[TimeControl "180+1"]
[Date "2023.08.01"]
[WhiteClock "0:00:48"]
[BlackClock "0:00:00"]
[Board "181"]

1. d4 Nf6 2. c4 g6 3. Nc3 d6 4. e4 Bg7 5. Be2 O-O 6. g4 e5 7. d5 a5 8. g5 Nfd7 9. h4 Nc5 10. h5 f5 11. gxf6 Qxf6 12. Be3 Bh6 13. Bxh6 Qxf2+ 14. Kd2 Qd4+ 15. Kc2 Rf2 16. Qxd4 exd4 17. Nb5 Bg4 18. Nxd4 Nxe4 19. Rf1 Rxf1 20. Bxf1 Ng3 21. Rh4 Bxh5 22. Rf4 Na6 23. Bd3 Nb4+ 24. Kc3 Nxa2+ 25. Kb3 Nb4 26. Bb1 Bd1+ 27. Kc3 Bh5 28. Ne6 Re8 29. Nxc7 1-0


[Site "https://www.chess.com"]

[Event "Titled Tuesday Blitz August 1 Late 2023"]
[White "Harish, Neeraj"]
[Black "dorpato"]
[WhiteFideId "30958130"]
[WhiteElo "2291"]
[BlackElo "2034"]
[Result "1-0"]
[Round "4"]
[TimeControl "180+1"]
[Date "2023.08.01"]
[WhiteClock "0:01:48"]
[BlackClock "0:00:14"]
[Board "182"]

1. e4 c5 2. Nf3 d6 3. d4 cxd4 4. Nxd4 Nf6 5. Nc3 a6 6. Be3 e5 7. Nb3 Be7 8. f3 O-O 9. Qd2 h5 10. O-O-O Be6 11. Nd5 Bxd5 12. exd5 Nbd7 13. Kb1 Nb6 14. c4 Rc8 15. Rc1 Rc7 16. Bxb6 1-0


[Site "https://www.chess.com"]

[Event "Titled Tuesday Blitz August 1 Late 2023"]
[White "Dominguez Rincon, Miller Duvan"]
[Black "Chemin, Justo Reinaldo"]
[WhiteFideId "4406583"]
[BlackFideId "2101580"]
[WhiteElo "1978"]
[BlackElo "2273"]
[Result "0-1"]
[Round "4"]
[TimeControl "180+1"]
[Date "2023.08.01"]
[WhiteClock "0:00:00"]
[BlackClock "0:00:19"]
[Board "183"]

1. e4 e6 2. d4 d5 3. e5 c5 4. c3 Qb6 5. Nf3 Bd7 6. a3 a5 7. Be2 Nc6 8. O-O Nh6 9. c4 cxd4 10. cxd5 exd5 11. Bxh6 gxh6 12. Nbd2 Bg7 13. Nb3 Nxe5 14. Nbxd4 O-O 15. Nh4 Qf6 16. g3 Bh3 17. Re1 Rfe8 18. f4 Nc4 19. Nhf3 Re3 20. Bf1 Bxf1 21. Rxf1 Rae8 22. Qc2 R3e4 23. Rad1 Ne3 24. Qd3 Nxf1 25. Kxf1 Re3 26. Qc2 Qa6+ 27. Kg2 Re2+ 28. Nxe2 Rxe2+ 0-1


[Site "https://www.chess.com"]

[Event "Titled Tuesday Blitz August 1 Late 2023"]
[White "Carlsen, Magnus"]
[Black "Aravindh, Chithambaram VR."]
[WhiteFideId "1503014"]
[BlackFideId "5072786"]
[WhiteElo "3257"]
[BlackElo "2897"]
[Result "1-0"]
[Round "5"]
[TimeControl "180+1"]
[Date "2023.08.01"]
[WhiteClock "0:00:44"]
[BlackClock "0:00:00"]
[Board "1"]

1. g3 g6 2. Bg2 Bg7 3. c4 Nf6 4. Nc3 O-O 5. d4 Nc6 6. e3 e5 7. d5 Ne7 8. d6 cxd6 9. Qxd6 Nf5 10. Qd3 d5 11. cxd5 e4 12. Qd1 Nd6 13. Nge2 h5 14. h3 Re8 15. O-O h4 16. Nd4 Nh7 17. g4 Ng5 18. Bd2 Nc4 19. Be1 Nxb2 20. Qc2 Nd3 21. Nxe4 Nxe1 22. Rfxe1 Nxe4 23. Bxe4 Bxd4 24. exd4 Qd6 25. Qc5 Qf4 26. Bg2 Bd7 27. d6 Rac8 28. Rxe8+ Rxe8 29. Qc7 Re2 30. Rf1 Be6 31. d5 Bxg4 32. Qd8+ Kg7 33. Qxh4 Qxd6 34. Qxg4 Rxa2 35. Qd4+ Kg8 36. Re1 1-0


[Site "https://www.chess.com"]

[Event "Titled Tuesday Blitz August 1 Late 2023"]
[White "Firouzja, Alireza"]
[Black "Shtembuliak, Evgeny"]
[WhiteFideId "12573981"]
[BlackFideId "14113325"]
[WhiteElo "3089"]
[BlackElo "2879"]
[Result "1-0"]
[Round "5"]
[TimeControl "180+1"]
[Date "2023.08.01"]
[WhiteClock "0:00:33"]
[BlackClock "0:00:04"]
[Board "2"]

1. d4 Nf6 2. c4 d6 3. Nc3 Bf5 4. g3 e5 5. Nf3 Nbd7 6. Bg2 c6 7. O-O h6 8. b3 e4 9. Nd2 d5 10. f3 e3 11. Ndb1 Qe7 12. Na3 Qe6 13. Nc2 Bxc2 14. Qxc2 Bb4 15. Nd1 O-O 16. Nxe3 Rfe8 17. Qd3 c5 18. cxd5 Nxd5 19. Nxd5 Qxd5 20. Bb2 cxd4 21. e4 Qd6 22. Kh1 Bc5 23. f4 Rad8 24. e5 Qa6 25. Qxa6 bxa6 26. Rac1 Bb6 27. Rfd1 Nf8 28. Bf1 a5 29. Ba3 Rc8 30. Bb5 Red8 31. Be7 Rxc1 32. Rxc1 Rb8 33. Bd6 Rd8 34. Kg2 Ne6 35. Kf3 g6 36. Ke4 h5 37. Rc6 Ng7 38. Be7 Rb8 39. Bc4 Nf5 40. Rxg6+ Kh7 41. Rf6 Nxe7 42. Rxf7+ Kg6 43. Rxe7 Re8 44. Rxe8 1-0


[Site "https://www.chess.com"]

[Event "Titled Tuesday Blitz August 1 Late 2023"]
[White "Grigoriants, Sergey"]
[Black "Andreikin, Dmitry"]
[WhiteFideId "4130804"]
[BlackFideId "4158814"]
[WhiteElo "2847"]
[BlackElo "3057"]
[Result "1/2-1/2"]
[Round "5"]
[TimeControl "180+1"]
[Date "2023.08.01"]
[WhiteClock "0:00:07"]
[BlackClock "0:00:59"]
[Board "3"]

1. d4 Nf6 2. c4 e6 3. Nf3 b6 4. g3 Bb7 5. Bg2 Bb4+ 6. Bd2 a5 7. O-O O-O 8. Bf4 Be7 9. Nc3 Ne4 10. Qc2 Nxc3 11. Qxc3 d6 12. Rad1 Nd7 13. Rfe1 Nf6 14. b3 Be4 15. Bh3 Qc8 16. Nd2 Bf5 17. Bxf5 exf5 18. Qd3 Re8 19. Bg5 Ne4 20. Bxe7 Rxe7 21. Nf1 Qe6 22. Ne3 Rae8 23. Nd5 Rd7 24. f3 Nf6 25. Nf4 Qe3+ 26. Qxe3 Rxe3 27. Kf2 Rc3 28. Rc1 Rxc1 29. Rxc1 Kf8 30. Nd5 Ne8 31. a3 Rd8 32. Ra1 Ra8 33. h4 Ra6 34. Rc1 c6 35. Nc3 Nc7 36. d5 c5 37. a4 Ra8 38. e4 fxe4 39. Nxe4 Rd8 40. Re1 Na6 41. Ke3 Nb4 42. Kd2 h6 43. g4 Na6 44. f4 Nc7 45. f5 Ne8 46. g5 h5 47. Ke3 Rd7 48. Kf4 Re7 49. Re3 g6 50. f6 Re5 51. Nc3 Rxe3 52. Kxe3 Nc7 53. Ne4 Ne8 54. Kf4 Kg8 55. Kf3 Kf8 56. Ke3 Kg8 57. Kd3 Kf8 58. Ke3 Kg8 59. Kf4 Kf8 60. Ke3 1/2-1/2


[Site "https://www.chess.com"]

[Event "Titled Tuesday Blitz August 1 Late 2023"]
[White "Sjugirov, Sanan"]
[Black "Basso, Pier Luigi"]
[WhiteFideId "4189302"]
[BlackFideId "866970"]
[WhiteElo "2959"]
[BlackElo "2804"]
[Result "0-1"]
[Round "5"]
[TimeControl "180+1"]
[Date "2023.08.01"]
[WhiteClock "0:00:00"]
[BlackClock "0:00:09"]
[Board "4"]

1. d4 d5 2. c4 c6 3. Nf3 Nf6 4. e3 Bg4 5. Qb3 Qb6 6. Nc3 e6 7. Bd2 Nbd7 8. h3 Bh5 9. Be2 Be7 10. Rc1 O-O 11. O-O Ne4 12. Qc2 Nxd2 13. Nxd2 Bg6 14. Bd3 Rfe8 15. Bxg6 hxg6 16. c5 Qc7 17. f4 g5 18. Qd3 g6 19. b4 Kg7 20. Rce1 Rh8 21. Re2 a5 22. b5 b6 23. cxb6 Nxb6 24. bxc6 Qxc6 25. fxg5 Bxg5 26. Nf3 Bf6 27. Ref2 Ra7 28. Ne2 Qc4 29. Qd2 Qb4 30. Qd3 Qc4 31. Qd1 Qxa2 32. Nf4 Qa3 33. Nd3 Nc4 34. Qe2 Rh5 35. e4 dxe4 36. Qxe4 Nd6 37. Qe2 Rf5 38. Nde5 Rc7 0-1


[Site "https://www.chess.com"]

[Event "Titled Tuesday Blitz August 1 Late 2023"]
[White "Pakleza, Zbigniew"]
[Black "He, Anthony"]
[WhiteFideId "1119290"]
[BlackFideId "2088215"]
[WhiteElo "2778"]
[BlackElo "2952"]
[Result "1-0"]
[Round "5"]
[TimeControl "180+1"]
[Date "2023.08.01"]
[WhiteClock "0:00:04"]
[BlackClock "0:00:00"]
[Board "5"]

1. d4 Nf6 2. Nf3 g6 3. Bf4 Bg7 4. e3 O-O 5. Be2 d6 6. h3 Nc6 7. O-O Re8 8. c4 Bf5 9. Nc3 e5 10. dxe5 dxe5 11. Bh2 Qe7 12. Qb3 b6 13. Rfd1 Rad8 14. Qa4 Bd7 15. Qc2 Bf5 16. Qa4 Bd7 17. Qc2 Qc5 18. a3 a5 19. Rac1 Be6 20. Qa4 Bd7 21. Qc2 Bf5 22. Qa4 Bd7 23. Qb5 Qe7 24. Qb3 e4 25. Nd2 Bf5 26. Nb5 Ne5 27. Nd4 Bd7 28. Qc3 c5 29. Nb5 Bxb5 30. cxb5 Nd3 31. Bxd3 Rxd3 32. Qc2 Red8 33. Nc4 Qe6 34. b3 a4 35. Rxd3 exd3 36. Qb1 Rd7 37. Rd1 axb3 38. Qxb3 d2 39. a4 Ne4 40. a5 bxa5 41. b6 Qd5 42. Bc7 a4 43. Qxa4 Nc3 44. Rxd2 Qxd2 45. Qa8+ Rd8 46. Qxd8+ Qxd8 47. Bxd8 1-0


[Site "https://www.chess.com"]

[Event "Titled Tuesday Blitz August 1 Late 2023"]
[White "Demidov, Mikhail"]
[Black "Rozen, Eytan"]
[WhiteFideId "4197143"]
[BlackFideId "2816750"]
[WhiteElo "2946"]
[BlackElo "2770"]
[Result "0-1"]
[Round "5"]
[TimeControl "180+1"]
[Date "2023.08.01"]
[WhiteClock "0:00:07"]
[BlackClock "0:00:34"]
[Board "6"]

1. Nf3 Nf6 2. g3 g6 3. b3 Bg7 4. Bb2 O-O 5. Bg2 d6 6. d4 c6 7. O-O Bf5 8. c4 Nbd7 9. Nh4 d5 10. Nc3 e6 11. e3 Ne4 12. Ne2 Nd6 13. Rc1 a5 14. a4 Nf6 15. Ba3 Re8 16. cxd5 exd5 17. Bxd6 Qxd6 18. Nxf5 gxf5 19. Bh3 Ng4 20. Nf4 Qd7 21. Qd3 Re7 22. Rce1 Rae8 23. Re2 Bh6 24. Nh5 Qe6 25. Nf4 Bxf4 26. gxf4 Qh6 27. Bxg4 fxg4 28. Kh1 Qh3 29. Rg1 Qf3+ 30. Rg2 h5 31. Kg1 f5 32. Rg3 Qe4 33. Qxe4 Rxe4 34. h4 Rxd4 35. Rc2 Rd3 36. Rb2 Re4 37. f3 Rexe3 0-1


[Site "https://www.chess.com"]

[Event "Titled Tuesday Blitz August 1 Late 2023"]
[White "Zhigalko, Sergei"]
[Black "Karaoglan, Doruk"]
[WhiteFideId "13502956"]
[BlackFideId "6390927"]
[WhiteElo "2907"]
[BlackElo "2639"]
[Result "1-0"]
[Round "5"]
[TimeControl "180+1"]
[Date "2023.08.01"]
[WhiteClock "0:00:25"]
[BlackClock "0:00:00"]
[Board "7"]

1. e4 c5 2. Nf3 d6 3. d4 cxd4 4. Qxd4 a6 5. Bc4 e6 6. Nc3 Nc6 7. Qd3 Nf6 8. Bf4 h6 9. O-O-O e5 10. Bg3 Be7 11. Bh4 O-O 12. Bxf6 Bxf6 13. Qxd6 Qa5 14. Nd5 Bd8 15. Nxe5 Bg5+ 16. Kb1 Rd8 17. Nxc6 bxc6 18. Ne7+ Bxe7 19. Qxe7 Rf8 20. Rd3 Rb8 21. Rhd1 Rb7 22. Qd6 Qb6 23. b3 Qxf2 24. Qxc6 Qxg2 25. Rd8 1-0


[Site "https://www.chess.com"]

[Event "Titled Tuesday Blitz August 1 Late 2023"]
[White "Wu, Rochelle"]
[Black "Kazakouski, Valery"]
[WhiteFideId "30908132"]
[BlackFideId "13507443"]
[WhiteElo "2631"]
[BlackElo "2901"]
[Result "0-1"]
[Round "5"]
[TimeControl "180+1"]
[Date "2023.08.01"]
[WhiteClock "0:00:03"]
[BlackClock "0:00:11"]
[Board "8"]

1. d4 Nf6 2. c4 e6 3. Nc3 Bb4 4. Qc2 Nc6 5. Nf3 d6 6. e3 O-O 7. Bd3 e5 8. d5 Nb8 9. Bd2 Nbd7 10. O-O Nc5 11. e4 Nh5 12. a3 Bxc3 13. Qxc3 f5 14. Rae1 Nf6 15. Bg5 Nxd3 16. Bxf6 Qxf6 17. Qxd3 a5 18. exf5 Bxf5 19. Qc3 a4 20. Re3 b6 21. Rfe1 Qh6 22. Nd2 Rf7 23. Rg3 Raf8 24. Qe3 Qh4 25. Qc3 Qf4 26. Rf3 Qh6 27. h3 Qh4 28. Rg3 h6 29. Nf3 Qd8 30. Re3 Kh7 31. Nd2 Qh4 32. Nf3 Qf4 33. Nd2 e4 34. Qc2 Re7 35. Nb1 h5 36. h4 Qxh4 37. Qxa4 Qf4 38. Qd1 g6 39. Nc3 h4 40. Rgf3 Qg5 41. Qe1 Rfe8 42. Rh3 Bxh3 43. Rxh3 e3 44. f4 Qf6 45. Rxh4+ Kg7 46. Ne2 Qxb2 47. f5 Re4 48. Qg3 Qf6 49. Rxe4 Rxe4 50. Nf4 Qxf5 51. Ne6+ Rxe6 52. dxe6 Qxe6 53. Kf1 Qxc4+ 0-1


[Site "https://www.chess.com"]

[Event "Titled Tuesday Blitz August 1 Late 2023"]
[White "Rustemov, Alexander"]
[Black "Bortnyk, Olexandr"]
[WhiteFideId "4119002"]
[BlackFideId "14120828"]
[WhiteElo "2843"]
[BlackElo "3066"]
[Result "0-1"]
[Round "5"]
[TimeControl "180+1"]
[Date "2023.08.01"]
[WhiteClock "0:00:00"]
[BlackClock "0:00:05"]
[Board "9"]

1. d4 Nf6 2. c4 d6 3. g3 g6 4. Bg2 Bg7 5. Nc3 O-O 6. Nf3 Bf5 7. Nh4 Bc8 8. O-O c6 9. e4 e5 10. Nf3 Nbd7 11. h3 Qb6 12. d5 cxd5 13. cxd5 Nc5 14. Qe2 Bd7 15. Be3 Rfc8 16. Rab1 Qa6 17. Qxa6 Nxa6 18. Nd2 b5 19. Rfc1 Nc5 20. b4 Nd3 21. Rc2 a5 22. a3 axb4 23. axb4 Ra4 24. Nxa4 Rxc2 25. Nb6 Be8 26. Bf1 Nxf2 27. Kxf2 Nxe4+ 28. Ke1 Nxg3 29. Bd3 Rc3 30. Rb3 Rxb3 31. Nxb3 f5 32. Nc8 Bf8 33. Na7 Bf7 34. Bxb5 Bxd5 35. Nd2 f4 36. Bf2 Nf5 37. Bc4 Bxc4 38. Nxc4 d5 39. Nxe5 Bxb4+ 40. Ke2 g5 41. Nac6 Bc3 42. Kd3 Bb2 43. Nf3 h6 44. Nb4 Ne7 45. Bc5 Kf7 46. Bxe7 Kxe7 47. Nxd5+ Ke6 48. Ke4 Bg7 49. Nc7+ Kd7 50. Nb5 Ke6 51. Nbd4+ Kf6 52. Ne5 h5 53. Nf5 Bh8 54. Nd7+ Ke6 55. Nc5+ Kf7 56. Nd3 Bf6 0-1


[Site "https://www.chess.com"]

[Event "Titled Tuesday Blitz August 1 Late 2023"]
[White "Xiong, Jeffery"]
[Black "Pichot, Alan"]
[WhiteFideId "2047640"]
[BlackFideId "110973"]
[WhiteElo "2990"]
[BlackElo "2835"]
[Result "1/2-1/2"]
[Round "5"]
[TimeControl "180+1"]
[Date "2023.08.01"]
[WhiteClock "0:01:06"]
[BlackClock "0:01:30"]
[Board "10"]

1. d4 Nf6 2. c4 e6 3. Nc3 Bb4 4. Nf3 b6 5. Qc2 Bb7 6. a3 Bxc3+ 7. Qxc3 O-O 8. e3 d6 9. Be2 Nbd7 10. O-O Qe7 11. b4 a5 12. Bb2 axb4 13. axb4 Rxa1 14. Rxa1 Ra8 15. Rxa8+ Bxa8 16. Ne1 Qd8 17. f3 Bb7 18. e4 Qa8 19. Nc2 c5 20. Qa3 Qxa3 21. Nxa3 Ba6 22. Kf2 e5 23. bxc5 bxc5 24. d5 Kf8 25. g3 Ke7 26. Ke3 Nb6 27. f4 Nfd7 28. f5 f6 29. g4 g5 30. fxg6 hxg6 31. h4 Kf7 32. Nb5 Bxb5 33. cxb5 g5 34. h5 Kg7 35. Bc3 Kh7 36. Ba5 Kh6 37. Kd2 Kh7 38. Kc3 Kh6 39. Kb3 Kh7 1/2-1/2


[Site "https://www.chess.com"]

[Event "Titled Tuesday Blitz August 1 Late 2023"]
[White "Sargsyan, Shant"]
[Black "Bauman_Guy"]
[WhiteFideId "13306766"]
[WhiteElo "2978"]
[BlackElo "2809"]
[Result "1-0"]
[Round "5"]
[TimeControl "180+1"]
[Date "2023.08.01"]
[WhiteClock "0:00:03"]
[BlackClock "0:00:02"]
[Board "11"]

1. c4 Nf6 2. g3 e5 3. Bg2 g6 4. Nc3 Bg7 5. d3 O-O 6. b4 a5 7. b5 d6 8. Bg5 Nbd7 9. Nf3 h6 10. Bxf6 Qxf6 11. Nd2 Qd8 12. O-O f6 13. Nd5 f5 14. e3 h5 15. h4 Nc5 16. Qc2 a4 17. Rab1 Bd7 18. Nf3 c6 19. bxc6 bxc6 20. Nb6 Ra7 21. Nxd7 Qxd7 22. Rb6 a3 23. Ng5 Rc8 24. Rfb1 Na4 25. Rxc6 Rxc6 26. Bd5+ Kf8 27. Ne6+ Ke7 28. Nxg7 Rb6 29. Rxb6 Nxb6 30. d4 Qa4 31. Qb1 Qa5 32. Bg2 e4 33. d5 Nxc4 34. Qb8 Qc7 35. Qe8+ Kf6 36. Qf8+ Ke5 37. Ne6 Qb6 38. Nf4 Qc7 39. Qh8+ Qg7 40. Qe8+ Qe7 41. Qh8+ Qg7 42. Qc8 Rc7 43. Qe6# 1-0


[Site "https://www.chess.com"]

[Event "Titled Tuesday Blitz August 1 Late 2023"]
[White "Matlakov, Maxim"]
[Black "Hambleton, Aman"]
[WhiteFideId "4168003"]
[BlackFideId "2606577"]
[WhiteElo "2965"]
[BlackElo "2813"]
[Result "1-0"]
[Round "5"]
[TimeControl "180+1"]
[Date "2023.08.01"]
[WhiteClock "0:01:07"]
[BlackClock "0:00:00"]
[Board "12"]

1. e4 c5 2. Nf3 e6 3. b3 d6 4. Bb2 e5 5. Bb5+ Nc6 6. O-O Nf6 7. Re1 Be7 8. c3 O-O 9. d4 cxd4 10. cxd4 exd4 11. Bxc6 bxc6 12. Nxd4 Bd7 13. Nd2 Re8 14. Qf3 Qc8 15. h3 c5 16. Nf5 Bxf5 17. exf5 d5 18. g4 h6 19. Rac1 Qa6 20. a4 d4 21. Rxe7 Rxe7 22. Qxa8+ Re8 23. Qf3 Qb6 24. Nc4 Qb4 25. Ba3 Qb8 26. Bxc5 Qd8 27. Rd1 Ne4 28. Bxd4 Qc8 29. Re1 Ng5 30. Rxe8+ Qxe8 31. Qe3 Qc6 32. Ne5 Qd5 33. h4 Ne4 34. f3 Nd6 35. Kg2 a5 36. h5 Kh7 37. Qd3 f6 38. Ng6 Nf7 39. Qe3 Ng5 40. Nf4 Qc6 41. Ne6 Qc2+ 42. Kg3 Nf7 43. Qc3 Qd1 44. Qc7 1-0


[Site "https://www.chess.com"]

[Event "Titled Tuesday Blitz August 1 Late 2023"]
[White "Harshavardhan G B"]
[Black "Tanriverdi, Enes"]
[WhiteFideId "25059009"]
[BlackFideId "34543279"]
[WhiteElo "2870"]
[BlackElo "2696"]
[Result "1-0"]
[Round "5"]
[TimeControl "180+1"]
[Date "2023.08.01"]
[WhiteClock "0:00:19"]
[BlackClock "0:00:01"]
[Board "13"]

1. d4 Nf6 2. c4 e6 3. Nc3 Bb4 4. f3 d5 5. a3 Bxc3+ 6. bxc3 O-O 7. cxd5 exd5 8. e3 c5 9. Bd3 Re8 10. Ne2 b6 11. O-O Ba6 12. Ng3 Bxd3 13. Qxd3 Nc6 14. Bb2 Qd7 15. Rae1 Rad8 16. Nf5 Ne7 17. Nxe7+ Qxe7 18. Re2 cxd4 19. cxd4 h6 20. Rfe1 Qd7 21. e4 dxe4 22. fxe4 Qa4 23. d5 Nd7 24. e5 Nc5 25. Qf3 Qb3 26. Qxb3 Nxb3 27. d6 Nc5 28. Bd4 Ne6 29. Bf2 Nf4 30. Rd2 g5 31. Bg3 Ng6 32. Kf2 h5 33. h3 Rd7 34. Rc2 Nf8 35. h4 g4 36. Rec1 Ne6 37. Kg1 Kf8 38. Rf1 Kg7 39. Rf5 Kg6 40. Rf6+ Kg7 41. Bf2 Nf8 42. Bd4 Re6 43. Rf5 Kg6 44. Rcf2 Nh7 45. Bb2 f6 46. exf6 Rf7 47. d7 Rxd7 48. f7 Nf8 49. Rg5+ Kh7 50. Rg7+ Kh6 51. Rg8 g3 52. Rf1 Rd2 53. Bc1 1-0


[Site "https://www.chess.com"]

[Event "Titled Tuesday Blitz August 1 Late 2023"]
[White "Vetoshko, Volodymyr"]
[Black "Pranav, V"]
[WhiteFideId "14122480"]
[BlackFideId "25060783"]
[WhiteElo "2736"]
[BlackElo "3012"]
[Result "0-1"]
[Round "5"]
[TimeControl "180+1"]
[Date "2023.08.01"]
[WhiteClock "0:00:00"]
[BlackClock "0:00:05"]
[Board "14"]

1. b3 e5 2. Bb2 Nc6 3. c4 Nf6 4. e3 d6 5. d4 exd4 6. exd4 d5 7. Nf3 Bb4+ 8. Nbd2 O-O 9. Be2 Re8 10. O-O Bg4 11. h3 Bh5 12. a3 Bf8 13. Re1 a5 14. Ne5 Bxe2 15. Rxe2 dxc4 16. Nxc6 bxc6 17. bxc4 Rb8 18. Bc3 Qd7 19. Rxe8 Rxe8 20. Nf3 Qf5 21. Qa4 Qd3 22. Be1 c5 23. d5 h6 24. Rc1 Bd6 25. Qxa5 Ne4 26. Qa4 Re7 27. Rd1 Qe2 28. Qb3 Ng5 29. Ba5 Nxf3+ 30. Qxf3 Qxc4 31. Bc3 Qb3 32. Re1 Qxa3 33. Rxe7 Bxe7 34. g4 Bd6 35. Kg2 c4 36. Qe3 Qa4 37. Qd4 f6 38. Qe4 Kf8 39. Qe6 Qe8 40. Kf3 Qxe6 41. dxe6 Ke7 42. Ke4 Kxe6 43. Kd4 Be5+ 44. Kxc4 Bxc3 45. Kxc3 f5 46. Kd4 fxg4 47. hxg4 g6 48. f4 Kf6 49. Ke4 h5 50. g5+ Ke6 51. f5+ gxf5+ 52. Kf4 h4 53. g6 Kf6 0-1


[Site "https://www.chess.com"]

[Event "Titled Tuesday Blitz August 1 Late 2023"]
[White "Aronian, Levon"]
[Black "Ezat, Mohamed"]
[WhiteFideId "13300474"]
[BlackFideId "10600906"]
[WhiteElo "3034"]
[BlackElo "2679"]
[Result "1-0"]
[Round "5"]
[TimeControl "180+1"]
[Date "2023.08.01"]
[WhiteClock "0:01:51"]
[BlackClock "0:00:07"]
[Board "15"]

1. e4 c6 2. Nf3 d5 3. exd5 cxd5 4. d4 Bg4 5. c4 Nf6 6. Nc3 Nc6 7. Be3 e6 8. c5 Ne4 9. Bb5 Nxc3 10. bxc3 Qa5 11. Qa4 Qxa4 12. Bxa4 Bxf3 13. gxf3 Rc8 14. Rb1 Be7 15. Rxb7 Bd8 16. Bf4 O-O 17. Bd6 Re8 18. Kd1 e5 19. dxe5 Bg5 20. Re1 Na5 21. Bxe8 Nxb7 22. Bd7 Rd8 23. c6 Nxd6 24. exd6 g6 25. c7 1-0


[Site "https://www.chess.com"]